 Dungeon Crawl Stone Soup version 0.21-a0-201-g8501b10 (webtiles) character file.

19 Lavandula the Chiller (level 2, 0/20 HPs)
             Began as a Ghoul Ice Elementalist on Aug 18, 2017.
             Slain by an orc
             ... wielding a +2 mace of protection
              (8 damage)
             ... on level 2 of the Dungeon.
             The game lasted 00:04:54 (481 turns).

Lavandula the Chiller (Ghoul Ice Elementalist)       Turns: 481, Time: 00:04:55

Health: 0/20       AC:  2    Str: 11    XL:     2   Next: 75%
Magic:  2/3        EV: 12    Int: 10    God:
Gold:   102        SH:  0    Dex:  9    Spells: 1/4 levels left

rFire    . . .     SeeInvis .     - Unarmed
rCold    + . .     Gourm    .   (no shield)
rNeg     + + +     Faith    .   a - +0 robe
rPois    ∞         Spirit   .   (no helmet)
rElec    .         Reflect  .   (no cloak)
rCorr    .         Harm     .   (no gloves)
MR       .....                  (no boots)
Stlth    ++........             (no amulet)
HPRegen  0.00/turn              (no ring)
MPRegen  0.08/turn              (no ring)

@: rotting
A: rotting body, claws 1, carnivore 3, cold resistance 1, negative energy
resistance 3, inhibited regeneration, torment resistance, unbreathing
a: no special abilities


You were on level 2 of the Dungeon.
You were not hungry.

You visited 1 branch of the dungeon, and saw 3 of its levels.

You collected 102 gold pieces.

Inventory:

Armour
 a - a +0 robe (worn)
 k - a +0 shield
Jewellery
 p - an uncursed ring of ice
Scrolls
 f - 2 scrolls of remove curse
 h - a scroll of recharging
 j - a scroll of enchant armour {unknown}
Potions
 d - 2 potions of haste {unknown}
 e - a potion of curing
 g - 2 potions of might
 l - 2 potions of magic
 n - a potion of flight {unknown}
Books
 b - a book of Frost

   Spells                             Type                      Level
   a - Freeze                         Ice                          1
   b - Throw Frost                    Conjuration/Ice              2
   c - Ozocubu's Armour               Charms/Ice                   3
   d - Throw Icicle                   Conjuration/Ice              4
   e - Summon Ice Beast               Ice/Summoning                4
Comestibles
 c - a meat ration
 i - a royal jelly
 m - a chunk of flesh


   Skills:
 - Level 1.7 Dodging
 - Level 2.1 Stealth
 + Level 2.5 Unarmed Combat
 - Level 1.7 Spellcasting
 - Level 0.7 Conjurations
 - Level 3.2 Ice Magic


You had one spell level left.
You knew the following spells:

 Your Spells              Type           Power        Failure   Level  Hunger
a - Freeze                Ice            #...         9%          1    ##.....
b - Throw Frost           Conj/Ice       #.....       22%         2    ###....


Dungeon Overview and Level Annotations

Branches:
Dungeon (3/15)

Altars:
Trog

Annotations:
D:2 exclusion: worm, Natasha
D:3 Leibowitz's ghost, amateur OgBe


Innate Abilities, Weirdness & Mutations

Your body is rotting away.
You thrive on raw meat.
You are immune to poison.
You have sharp fingernails.
You are carnivorous and can eat meat at any time.
Your flesh is cold resistant. (rC+)
You are immune to negative energy. (rN+++)
You do not regenerate when monsters are visible.
You are immune to unholy pain and torment.
You can survive without breathing.


Message History

You scratch the ball python.
You kill the ball python!
The orc hits you with a mace of protection!
Casting: Freeze
Confirm with . or Enter, or press ? or * to list all spells.
Aiming: Freeze
Press: ? - help, Shift-Dir - straight line, f - orc
Aim: an orc, wielding a mace of protection
Okay, then.
You see here a frilled lizard skeleton.
Eat one of 3 chunks of flesh? (ye/n/q)
You eat one of the 3 chunks of flesh.
You feel more resilient.
This raw flesh tastes great!
The orc hits you with a mace of protection!
Ouch! That really hurt!
* * * LOW HITPOINT WARNING * * *
Eat one of 2 chunks of flesh? (ye/n/q)
You eat one of the 2 chunks of flesh.
This raw flesh tastes great!
The orc hits you with a mace of protection!
You die...

.. #.#
##..########
#..........#
#..........#
####..........#
..............#
#...@.).=..#
#...o......#
#..........#
#.....†>...#
#..........#
#.......>..#
############


You could see an orc.

Vanquished Creatures
  A dart slug (D:2)
  4 bats
  A goblin (D:1)
  2 hobgoblins
  A quokka (D:2)
  A ball python (D:2)
  2 frilled lizards
  4 kobolds
  A rat (D:1)
17 creatures vanquished.

Notes
Turn   | Place    | Note
-------+----------+-------------------------------------------
     0 | D:1      | Lavandula the Ghoul Ice Elementalist began the quest for the Orb.
     0 | D:1      | Reached XP level 1. HP: 14/14 MP: 2/2
    31 | D:2      | Reached skill level 1 in Unarmed Combat
   103 | D:1      | Reached XP level 2. HP: 17/20 MP: 1/3
   283 | D:2      | Noticed Natasha
   284 | D:2      | Found a bloodstained altar of Trog.
   288 | D:2      | Noticed a crimson imp
   319 | D:3      | Learned a level 2 spell: Throw Frost
   439 | D:3      | Noticed Leibowitz's ghost (amateur OgBe)
   481 | D:2      | Slain by an orc

Vault maps used:
D:1:      dpeg_arrival_lava_altar, hangedman_abyss_or_decor_lesser_grid,
          minivault_19, minmay_rat_gold_closets
D:2:      wad_woods_stonehenge, uniq_natasha
D:3:      lemuel_round_altar, first_bread, kennysheep_big_empty_room,
          kennysheep_generic_room_11

Skill      XL: |  1  2 |
---------------+-------+-----
Unarmed Combat | 1 2 |  2.5
Dodging        | |  1.7
Stealth        | |  2.1
Spellcasting   | |  1.7
Conjurations   | |  0.7
Ice Magic      | |  3.2

Action                   || total
-------------------------++-------
Melee: Unarmed           ||    27
       Punch             ||     1
 Cast: Freeze            ||    18
  Use: Scroll            ||     8
 Stab: Sleeping          ||     1
  Eat: Chunk             ||     5
Armor: Robe              ||     6
Dodge: Dodged            ||    37
